AoeStats
← Rien

Arena

509130282Analyzed
4v4 RM · 6d ago on Sep 25, 2026· 26m 59s· 8 players
Game mode
Random Map
Map size
Large (8 player)
Population
200
Speed
Normal
Resources
Standard
Victory
Conquest
Starting age
Dark Age
Ending age
Imperial Age
RankedLock teamsTeams togetherTeam positionsShared explorationLock speedFull tech treeHidden civsTurbo modeCheats
Victory
Defeat
🇩🇪 Japanese · Germany
707
+11
🇨🇳 Romans · China
691
+12
🇫🇷 Franks · France
680
+12
🇰🇷 Romans · South Korea
654
+14
🇷🇴 Bohemians · Romania
618
-13
🇺🇸 Koreans · United States
612
-13
🇫🇷 Franks · France
588
-12
🇹🇷 Gurjaras · Türkiye
555
-11
thefriend
12:58 Feudal Age
18:42 Castle Age
23:09 Horse Collar
23:16 Double-Bit Axe
23:23 Gold Mining
23:35 Crossbowman
24:21 Thumb Ring
Rien
10:16 Feudal Age
16:27 Castle Age
15:43 Stone Mining
15:41 Double-Bit Axe
17:29 Bow Saw
18:56 Wheelbarrow
20:05 Town Watch
20:20 Gold Mining
21:40 Hand Cart
23:53 Loom
gunessoley
11:02 Feudal Age
11:29 Double-Bit Axe
13:55 Gold Mining
15:09 Scale Barding Armor
vladimirrr7
6:52 Loom
12:39 Feudal Age
19:26 Forging
19:16 Scale Mail Armor
19:21 Scale Barding Armor
19:07 Fletching
19:17 Padded Archer Armor
22:47 Castle Age
x311219
7:19 Loom
10:11 Feudal Age
11:53 Double-Bit Axe
16:23 Wheelbarrow
18:49 Castle Age
20:38 Bow Saw
22:54 Fervor
22:47 Gold Mining
22:47 Stone Mining
23:13 Forging
24:26 Gold Shaft Mining
25:24 Fletching
27:00 Iron Casting
tuck205
1:18 Loom
12:57 Feudal Age
14:13 Wheelbarrow
13:25 Double-Bit Axe
13:29 Horse Collar
17:33 Man-at-Arms
24:56 Castle Age
23:41 Scale Mail Armor
23:53 Forging
25:57 Hand Cart
25:56 Bow Saw
25:49 Heavy Plow
27:14 Iron Casting
26:56 Chain Mail Armor
26:26 Long Swordsman
woojt92
3:10 Loom
16:18 Feudal Age
17:38 Wheelbarrow
16:49 Town Watch
16:47 Horse Collar
16:55 Double-Bit Axe
17:02 Gold Mining
17:03 Stone Mining
22:32 Castle Age
22:26 Forging
22:17 Scale Mail Armor
22:08 Fletching
22:31 Arson
23:52 Hand Cart
23:50 Bow Saw
23:43 Heavy Plow
27:48 Iron Casting
784f22fd
10:05 Feudal Age
11:33 Double-Bit Axe
14:24 Castle Age
13:59 Loom
Connection lost

Rejoining the realm…

Still unreachable

The connection could not be restored.

Session expired

The server has moved on; the page needs a fresh start.